[Event "*** SCC Grand Prix: Titled Tuesday Blitz"]
[Site "Chess.com"]
[Date "2020.07.07"]
[Round "9"]
[White "Ginger_GM"]
[Black "GianmarcoVaR"]
[Result "1-0"]
[WhiteElo "2674"]
[BlackElo "2532"]
[TimeControl "180+1"]
[EndTime "11:45:48 PDT"]
[Termination "Ginger_GM won on time"]

1. d4 Nf6 2. c4 e6 3. Nf3 b6 4. g3 Bb7 5. Bg2 Bb4+ 6. Bd2 c5 7. O-O O-O 8. Bf4 cxd4 9. Qxd4 Be7 10. Bd6 Nc6 11. Qd3 Nb4 12. Bxb4 Bxb4 13. Nc3 a6 14.
Rfd1 Qc7 15. Rac1 Rac8 16. b3 Rfd8 17. Ng5 Bxg2 18. Kxg2 d5 19. Na4 dxc4 20. Rxc4 Qb7+ 21. Qf3 Nd5 22. Rxb4 h6 23. Nh3 Qa7 24. Rbd4 1-0

[Event "*** SCC Grand Prix: Titled Tuesday Blitz"]
[Site "Chess.com"]
[Date "2020.07.07"]
[Round "9"]
[White "Rodchenkov_Vitalij"]
[Black "marabu44"]
[Result "1-0"]
[WhiteElo "2365"]
[BlackElo "2238"]
[TimeControl "180+1"]
[EndTime "11:45:49 PDT"]
[Termination "Rodchenkov_Vitalij won on time"]

1. d4 d5 2. Nf3 Nf6 3. c4 e6 4. Nc3 c5 5. cxd5 exd5 6. g3 Nc6 7.
Bg2 Be7 8. O-O O-O 9. dxc5 d4 10. Na4 Bg4 11. Bf4 Qd7 12. Rc1 Rfe8 13. a3 Rad8 14. b4 Bh3 15. Nb2 Bxg2 16. Kxg2 Ne4 17. Nc4 Nc3 18. Qd3 Bf6 19. e3 dxe3 20. Qxd7 Rxd7 21. Bxe3 Nd5 22. Bg5 Bxg5 23. Nxg5 Re2 24. Rfe1 Rde7 25. Rxe2 Rxe2 26. Nd6 Nd4 27. Nxb7 Ne3+ 28.
Kg1 Ng4 29. Nh3 h5 30. c6 Nf3+ 31. Kg2 Nfxh2 32. c7 1-0

[Event "*** SCC Grand Prix: Titled Tuesday Blitz"]
[Site "Chess.com"]
[Date "2020.07.07"]
[Round "9"]
[White "m-garcett"]
[Black "inegrepus"]
[Result "0-1"]
[WhiteElo "2064"]
[BlackElo "2183"]
[TimeControl "180+1"]
[EndTime "11:45:50 PDT"]
[Termination "inegrepus won by resignation"]

1. e4 e5 2. Nf3 Nc6 3. Bb5 f5 4.
d3 fxe4 5. dxe4 Nf6 6. Qe2 Bb4+ 7. c3 Bc5 8. Nbd2 a5 9. O-O d6 10. a4 O-O 11. Bc4+ Kh8 12. Ng5 Qe7 13. h3 Nd8 14. Re1 Ne6 15. Nf1 Nf4 16. Bxf4 exf4 17. Nf3 Be6 18. e5 Bxc4 19. Qxc4 Nh5 20. exd6 Qxd6 21. Rad1 Qb6 22. Re2 Ng3 23. Nxg3 fxg3 24. Rd7 gxf2+ 25. Kf1 Rae8 26. Qg4 Qh6 27. Rxc7 Qc1+ 0-1

[Event "*** SCC Grand Prix: Titled Tuesday Blitz"]
[Site "Chess.com"]
[Date "2020.07.07"]
[Round "9"]
[White "canary2016"]
[Black "j2806"]
[Result "1-0"]
[WhiteElo "1919"]
[BlackElo "2029"]
[TimeControl "180+1"]
[EndTime "11:45:51 PDT"]
[Termination "canary2016 won on time"]

1. Nf3 d5 2. c4 e6 3. d4 Nf6 4. g3 Be7 5. Bg2 O-O 6. O-O dxc4 7. Qc2 a6 8. a4 Nbd7 9. Qxc4 b5 10. Qc2 Bb7 11. Bf4 Rc8 12. axb5 axb5 13. Ra7 Be4 14. Qc3 c5 15. Nbd2 Bd5 16. dxc5 Nxc5 17.
Qd4 Ra8 18. Rfa1 Rxa7 19. Rxa7 Bd6 20. Bxd6 Qxd6 21. b4 Nce4 22. Nxe4 Nxe4 23. Ne5 Nf6 24. e4 Re8 25. exd5 exd5 26. Nf3 h6 27. Rb7 Re4 28. Qc5 Qe6 29. Rb8+ Kh7 30. Qxb5 d4 31. Qc5 d3 32.
Qc3 1-0

[Event "*** SCC Grand Prix: Titled Tuesday Blitz"]
[Site "Chess.com"]
[Date "2020.07.07"]
[Round "9"]
[White "Vision_64"]
[Black "rududuyk"]
[Result "1-0"]
[WhiteElo "2197"]
[BlackElo "2076"]
[TimeControl "180+1"]
[EndTime "11:45:53 PDT"]
[Termination "Vision_64 won on time"]

1. e4 e6 2. d4 d5 3. Nc3 Nf6 4. Bg5 dxe4 5. Nxe4 Be7 6. Bxf6 gxf6 7. Nf3 a6 8. Qd2 f5 9. Ng3 c5 10. O-O-O cxd4 11. Nxd4 h5 12. Qc3 Bf6 13. Bc4 b5 14. Bb3 Nd7 15. Qc6 Ra7 16. Nxe6 fxe6 17. Qxe6+ Qe7 18. Qxf5 Kf8 19. Rhe1 Qc5 20. Rd5 Qb4 21. Red1 Rg8 22. Rxd7 Bxd7 23. Qxf6+ Ke8 24. Bxg8 1-0

[Event "*** SCC Grand Prix: Titled Tuesday Blitz"]
[Site "Chess.com"]
[Date "2020.07.07"]
[Round "9"]
[White "vpsetter"]
[Black "VerdeNotte"]
[Result "0-1"]
[WhiteElo "2639"]
[BlackElo "2778"]
[TimeControl "180+1"]
[EndTime "11:45:54 PDT"]
[Termination "VerdeNotte won on time"]

1. e4 g6 2. d4 Nf6 3. e5 Nh5 4. Be2 d6 5. Bxh5 gxh5 6. Qxh5 Nc6 7. Nf3 Rg8 8. Ng5 Rxg5 9. Bxg5 Nxd4 10. Na3 dxe5 11.
O-O-O Bf5 12. Be3 e6 13. Nc4 Qf6 14. Nxe5 Nxc2 15. Ng4 Qg7 16. Nh6 Ba3 17. Qxf7+ Qxf7 18. Nxf7 Nxe3 19. fxe3 Bc5 20. e4 Be3+ 21. Kc2 Bxe4+ 22. Kc3 Bf2 23. Rhf1 Bh4 24. Ne5 Bf5 25. g4 Bf6 26.
Rde1 Bxe5+ 27. Rxe5 Bg6 0-1

[Event "*** SCC Grand Prix: Titled Tuesday Blitz"]
[Site "Chess.com"]
[Date "2020.07.07"]
[Round "9"]
[White "KingCrusher275"]
[Black "shineatchess"]
[Result "1-0"]
[WhiteElo "2435"]
[BlackElo "2193"]
[TimeControl "180+1"]
[EndTime "11:45:54 PDT"]
[Termination "KingCrusher275 won by resignation"]

1. d4 Nf6 2. c4 e6 3. Nc3 d5 4. cxd5 exd5 5. Bg5 c6 6. Qc2 Be7 7. e3 h6 8. Bh4 Nbd7 9. Bd3 Nh5 10. Bxe7 Qxe7 11.
Nge2 Nb6 12. O-O O-O 13. Rae1 f5 14. Nf4 Nxf4 15. exf4 Qf6 16. Re5 Be6 17. Rfe1 Rae8 18. Na4 Nd7 19. R5e3 g6 20. Nc5 Nxc5 21. Qxc5 Bd7 22.
Qxa7 Rxe3 23. Rxe3 Bc8 24. g3 h5 25. a4 h4 26. a5 h3 27. Bf1 Qh8 28. a6 bxa6 29.
Re7 Qh6 30. Qc7 Qh8 31. Qxc6 Qf6 32. Qxd5+ Kh8 33. Qc5 Rd8 34. Qc7 Kg8 35. Qxd8+ Qf8 36. Re8 1-0

[Event "*** SCC Grand Prix: Titled Tuesday Blitz"]
[Site "Chess.com"]
[Date "2020.07.07"]
[Round "9"]
[White "Arathorn2"]
[Black "Alexandercs432"]
[Result "1-0"]
[WhiteElo "2290"]
[BlackElo "2120"]
[TimeControl "180+1"]
[EndTime "11:45:54 PDT"]
[Termination "Arathorn2 won by checkmate"]

1. d4 Nf6 2. c4 e6 3. Nf3 b6 4. a3 Bb7 5. Nc3 Be7 6. Qc2 d5 7.
cxd5 Nxd5 8. e4 Nxc3 9. bxc3 O-O 10. Bd3 c5 11. O-O Nd7 12. e5 h6 13. Qe2 cxd4 14.
cxd4 Re8 15. Be3 Rc8 16. a4 Nf8 17. Nd2 f5 18. exf6 Bxf6 19. Qg4 Kh8 20. a5 Rc3 21. Be4 Bd5 22. axb6 axb6 23. Ra7 Rc7 24. Ra6 Rd7 25.
Bc2 Bb7 26. Ra2 Bxd4 27. Ba4 Bxe3 28. fxe3 Rxd2 29. Bxe8 Rxa2 30. Rxf8+ Kh7 31. Bg6# 1-0

[Event "*** SCC Grand Prix: Titled Tuesday Blitz"]
[Site "Chess.com"]
[Date "2020.07.07"]
[Round "9"]
[White "elohunter1999"]
[Black "Beca95"]
[Result "1-0"]
[WhiteElo "2494"]
[BlackElo "2868"]
[TimeControl "180+1"]
[EndTime "11:45:55 PDT"]
[Termination "elohunter1999 won by resignation"]

1. e4 c6 2. Nc3 d5 3. Nf3 dxe4 4. Nxe4 Nf6 5. Qe2 Nxe4 6. Qxe4 Na6 7. d4 Nc7 8. Bd3 g6 9. Bd2 Bf5 10. Qe2 Bxd3 11.
Qxd3 Bg7 12. O-O-O Ne6 13. Be3 Qa5 14. Kb1 O-O-O 15.
Rhe1 Rd5 16. c4 Rd6 17. Bd2 Qa6 18. Bc3 Rhd8 19. Ne5 Bxe5 20. Rxe5 R8d7 21. g3 f6 22. Re3 Nxd4 23. c5 Rd5 24. Qxa6 bxa6 25. Rxd4 Rxd4 26.
Bxd4 Rxd4 27. Rxe7 Rd2 28. Rxh7 Rxf2 29. Rg7 Rxh2 30. Rxg6 Rf2 31. Rg7 Kb8 32. g4 a5 33.
a3 a4 34. g5 fxg5 35. Rxg5 Rf4 36. Rg7 Rc4 37. Rg5 Kb7 38. b3 axb3 39. Kb2 Ka6 40. Kxb3 Kb5 41. Rg7 a5 42. a4+ 1-0

[Event "*** SCC Grand Prix: Titled Tuesday Blitz"]
[Site "Chess.com"]
[Date "2020.07.07"]
[Round "9"]
[White "queen_iryna"]
[Black "gumimis"]
[Result "0-1"]
[WhiteElo "2233"]
[BlackElo "2183"]
[TimeControl "180+1"]
[EndTime "11:45:55 PDT"]
[Termination "gumimis won by resignation"]

1. d4 Nf6 2. Bg5 c5 3. Bxf6 gxf6 4. d5 d6 5. c4 Bg7 6. Nc3 f5 7. e3 O-O 8. Bd3 Na6 9. a3 Nc7 10. Qc2 e6 11. Nge2 Qg5 12. Ng3 h6 13. O-O f4 14. Nge4 Qe5 15. exf4 Qxf4 16. Rae1 exd5 17.
cxd5 Bg4 18. g3 Qe5 19. Nxc5 Qh5 20. N5e4 Bh3 21. Nxd6 Bxf1 22. Rxf1 Nxd5 23. Nxb7 Rac8 24. Nd6 Rc6 25. Nf5 Bxc3 26. bxc3 Rxc3 27. Qe2 Qxe2 28. Bxe2 Rxa3 29. Nxh6+ Kh7 30. Ng4 a5 31. Rd1 Nc3 32. Re1 Nxe2+ 33. Rxe2 a4 34. Nf6+ Kg6 35. Nd5 Ra8 36.
Nf4+ Kg7 37. Nh5+ Kh6 38. Nf4 Rb3 39. Ra2 a3 40. Nd3 Rxd3 0-1

[Event "*** SCC Grand Prix: Titled Tuesday Blitz"]
[Site "Chess.com"]
[Date "2020.07.07"]
[Round "9"]
[White "Matveev_Vladimir"]
[Black "kushagramohan"]
[Result "1-0"]
[WhiteElo "2560"]
[BlackElo "2686"]
[TimeControl "180+1"]
[EndTime "11:45:56 PDT"]
[Termination "Matveev_Vladimir won by resignation"]

1. d4 Nf6 2. c4 g6 3. Nc3 Bg7 4. e4 d6 5. Be2 O-O 6. Nf3 e5 7. O-O Nc6 8. d5 Ne7 9. b4 a5 10. Ba3 b6 11. bxa5 Nh5 12. Bb4 bxa5 13. Ba3 Nf4 14.
Nd2 Nxe2+ 15. Qxe2 f5 16. Rfb1 fxe4 17. Ndxe4 Nf5 18.
c5 Nd4 19. Qd1 Qh4 20. cxd6 Bg4 21. Qf1 cxd6 22. Bxd6 Rf4 23. Ng3 h5 24. Nb5 Rd8 25.
Nxd4 Rxd4 26. Rb8 Rxd5 27. Qc4 e4 28. Qxd5+ Kh7 29. Re1 1-0

[Event "*** SCC Grand Prix: Titled Tuesday Blitz"]
[Site "Chess.com"]
[Date "2020.07.07"]
[Round "9"]
[White "Maili15"]
[Black "Tenamu"]
[Result "1-0"]
[WhiteElo "2265"]
[BlackElo "2357"]
[TimeControl "180+1"]
[EndTime "11:45:58 PDT"]
[Termination "Maili15 won by resignation"]

1. d4 Nf6 2. c4 e6 3. Nc3 c5 4. d5 exd5 5. cxd5 d6 6. e4 g6 7. f4 Bg7 8. Nf3 O-O 9. Be2 b5 10. e5 dxe5 11. fxe5 Ng4 12. Bg5 Qb6 13. O-O Nxe5 14.
Be7 Re8 15. d6 Nbc6 16. Bxb5 Bg4 17. Be2 Nxe7 18. dxe7 Bxf3 19. Bxf3 Nxf3+ 20. Qxf3 c4+ 21. Kh1 f5 22. Nd5 Qxb2 23. Nc7 Rac8 24. Qd5+ Kh8 25. Nxe8 Rxe8 26. Qf7 Qb8 27. Rad1 c3 28. Qxe8+ Qxe8 29. Rd8 1-0

[Event "*** SCC Grand Prix: Titled Tuesday Blitz"]
[Site "Chess.com"]
[Date "2020.07.07"]
[Round "9"]
[White "GGfrances"]
[Black "Orest_Vovk"]
[Result "1-0"]
[WhiteElo "2368"]
[BlackElo "2521"]
[TimeControl "180+1"]
[EndTime "11:46:00 PDT"]
[Termination "GGfrances won by resignation"]

1. e4 g5 2. d4 g4 3. Qxg4 d5 4. Qh4 dxe4 5. Nc3 Qxd4 6. Be3 Qb4 7. O-O-O Bg7 8. Nge2 Nc6 9. a3 Qc4 10. Nd5 Qa2 11. Nxc7+ Kf8 12. Nxa8 Bxb2+ 13. Kd2 Qxa3 14. Qxe4 h5 15. Nf4 Nf6 16. Qc4 Qa5+ 17. Ke2 Kg7 18.
f3 Ne5 19. Qc5 Qa3 20. Qxa3 Bxa3 21. Nc7 Bd7 22. Ncd5 Nxd5 23. Nxd5 e6 24. Bd4 f6 25. Nxf6 Kxf6 26. f4 Kf5 27. Bxe5 Bb5+ 28. c4 Bxc4+ 29.
Kf3 Bd5+ 30. Rxd5 exd5 31. Bxh8 b5 1-0

[Event "*** SCC Grand Prix: Titled Tuesday Blitz"]
[Site "Chess.com"]
[Date "2020.07.07"]
[Round "9"]
[White "SGchess01"]
[Black "maximnovik"]
[Result "1-0"]
[WhiteElo "2642"]
[BlackElo "2503"]
[TimeControl "180+1"]
[EndTime "11:46:01 PDT"]
[Termination "SGchess01 won on time"]

1. d4 Nf6 2. c4 g6 3. Nc3 d5 4.
cxd5 Nxd5 5. e4 Nxc3 6. bxc3 Bg7 7. Qa4+ Nd7 8. Nf3 O-O 9. Qa3 c5 10. Be2 cxd4 11. cxd4 Nb6 12. Bg5 Re8 13. O-O Bg4 14.
Rad1 Qd6 15. Qe3 Bxf3 16. Bxf3 e5 17. dxe5 Qxe5 18. Bf4 Qa5 19. Qb3 Rac8 20. Rc1 Rc3 21. Rxc3 Qxc3 22. Rc1 Qxb3 23. axb3 Be5 24. Be3 Rc8 25.
Rxc8+ Nxc8 26. Bg4 Nb6 27. f4 Bc3 28. Bf3 Nc8 29. Kf1 b6 30. Ke2 Kf8 31. Kd3 Bf6 32. Kc4 Ke8 33. e5 Be7 34. Kb5 Kd7 35. Ka6 Bc5 36.
Bxc5 bxc5 37. Bg4+ Kc7 38. Bxc8 Kxc8 39. Kb5 Kd7 40. Kxc5 Ke6 41. b4 Kf5 42. g3 h5 43.
Kb5 h4 44. Ka6 h3 45. b5 Kg4 46. Kxa7 Kf3 47. b6 Kg2 48. b7 Kxh2 49. b8=Q Kxg3 50.
f5 gxf5 51. e6+ f4 52. exf7 h2 53. f8=Q 1-0

[Event "*** SCC Grand Prix: Titled Tuesday Blitz"]
[Site "Chess.com"]
[Date "2020.07.07"]
[Round "9"]
[White "Shushik"]
[Black "anon569"]
[Result "0-1"]
[WhiteElo "2203"]
[BlackElo "2348"]
[TimeControl "180+1"]
[EndTime "11:46:02 PDT"]
[Termination "anon569 won by resignation"]

1. e4 c5 2. Nf3 d6 3. d4 cxd4 4. Nxd4 Nf6 5. Nc3 a6 6. Be3 e6 7. f3 Be7 8. Qd2 b5 9. g4 Bb7 10. g5 Nfd7 11. h4 Nb6 12. O-O-O N8d7 13. h5 Ne5 14. f4 Nec4 15. Bxc4 Nxc4 16. Qe2 Qa5 17.
g6 Bf6 18. gxf7+ Kxf7 19. Rhf1 Qb4 20. Nb3 Bxc3 21. f5 e5 22. f6 g6 23. Qg4 Bc8 24. Qg5 Bxb2+ 25. Kb1 Qc3 26. a3 Nxa3+ 27. Ka2 Nxc2 28. Rc1 Be6 0-1

[Event "*** SCC Grand Prix: Titled Tuesday Blitz"]
[Site "Chess.com"]
[Date "2020.07.07"]
[Round "9"]
[White "IMKarimIsmael"]
[Black "PavelShkapenko"]
[Result "0-1"]
[WhiteElo "2405"]
[BlackElo "2586"]
[TimeControl "180+1"]
[EndTime "11:46:03 PDT"]
[Termination "PavelShkapenko won by resignation"]

1. e4 c5 2. Nf3 e6 3. c3 d5 4. exd5 exd5 5. d4 Nc6 6. Be3 c4 7.
b3 cxb3 8. axb3 Bd6 9. Bd3 Nge7 10. Qc2 Bg4 11. Nbd2 Rc8 12. Qb1 Bh5 13. O-O Bg6 14. b4 a6 15. b5 axb5 16. Qxb5 Bxd3 17. Qxd3 O-O 18. Rab1 Na5 19. Rb5 f6 20. Rfb1 Qc7 21.
g3 Rb8 22. Nb3 Nc4 23. Nc5 Bxc5 24. Rxc5 Qd7 25. Bf4 Rbc8 26. Rcb5 b6 27. Nd2 Na3 28. Rxb6 Nxb1 29. Rxb1 Qf5 30. Qe3 Ng6 31. Rb5 Nxf4 32. Qxf4 Qxf4 33. gxf4 Rfd8 34. Nf1 Rxc3 35. Ne3 Rd3 36.
Rb7 Rxd4 37. Nf5 Rxf4 0-1

[Event "*** SCC Grand Prix: Titled Tuesday Blitz"]
[Site "Chess.com"]
[Date "2020.07.07"]
[Round "9"]
[White "chessfrendz"]
[Black "Joseacorrea"]
[Result "1-0"]
[WhiteElo "2295"]
[BlackElo "1930"]
[TimeControl "180+1"]
[EndTime "11:46:03 PDT"]
[Termination "chessfrendz won on time"]

1. e4 c5 2. Nc3 Nc6 3. f4 g6 4.
Nf3 Bg7 5. Bb5 e6 6. O-O Nge7 7. e5 d6 8. exd6 Qxd6 9. Ne4 Qd5 10. d3 a6 11. Bc4 Qh5 12. Be3 b6 13. Nd6+ Kf8 14. Ng5 Qxd1 15. Raxd1 Nd8 16. b4 Bd4 17. Bxd4 cxd4 18.
Rde1 Nf5 19. Nxf5 gxf5 20. a3 Bb7 21. g3 h5 22. h4 b5 23. Bb3 Rg8 24. Kh2 Rc8 25. Rf2 Ke7 26. Rfe2 Rg7 27. Rf1 Nc6 28. Nf3 Rcg8 29. Rg1 Nxb4 30. Nxd4 Nd5 31. Nxf5+ Kf6 32. Nxg7 Rxg7 33. Re5 Bc6 34. Rxh5 Ne3 35. Rg5 Ng4+ 36. Kh3 Nf2+ 37. Kh2 Ng4+ 38. Rxg4 Rxg4 39. Re1 Bd5 40. Re5 Bf3 41. a4 1-0

[Event "*** SCC Grand Prix: Titled Tuesday Blitz"]
[Site "Chess.com"]
[Date "2020.07.07"]
[Round "9"]
[White "Mazetovic"]
[Black "Chernobay_Artem"]
[Result "1-0"]
[WhiteElo "2748"]
[BlackElo "2625"]
[TimeControl "180+1"]
[EndTime "11:46:04 PDT"]
[Termination "Mazetovic won by resignation"]

1. e4 c5 2. Nf3 d6 3. c3 Nf6 4.
h3 g6 5. Bd3 Bg7 6. Bc2 O-O 7.
d4 Nc6 8. d5 Nb8 9. a4 e6 10.
O-O exd5 11. exd5 Nbd7 12. Na3 Nb6 13. Bb3 Bf5 14. a5 Nc8 15. Nc4 Be4 16. Bg5 h6 17. Bxf6 Qxf6 18. Ncd2 Bd3 19. Re1 Ne7 20. Ne4 Bxe4 21.
Rxe4 Nf5 22. Qe2 Qd8 23. a6 bxa6 24. Rxa6 Rb8 25. Ba4 h5 26. g3 Qc7 27. Bc6 Rb6 28. Ra2 Qb8 29. g4 hxg4 30. hxg4 Nh6 31. Kg2 f5 32. Re7 a6 33. Qe6+ Nf7 34. Ng5 1-0

[Event "*** SCC Grand Prix: Titled Tuesday Blitz"]
[Site "Chess.com"]
[Date "2020.07.07"]
[Round "9"]
[White "Region_07"]
[Black "Chessdude1987"]
[Result "1-0"]
[WhiteElo "2360"]
[BlackElo "2222"]
[TimeControl "180+1"]
[EndTime "11:46:04 PDT"]
[Termination "Region_07 won on time"]

1. d4 Nf6 2. Bg5 e6 3. Nd2 h6 4. Bh4 Be7 5. e3 d5 6. Bd3 c5 7. c3 Qb6 8. Rb1 g5 9. Bg3 c4 10. Bc2 h5 11. h4 g4 12. e4 Bd7 13. exd5 exd5 14. Ne2 Nc6 15. O-O O-O-O 16. b3 cxb3 17. Nxb3 Qa6 18. Bd3 Qa3 19. Qd2 Ne4 20. Bxe4 dxe4 21.
Qf4 Bd6 22. Qxd6 Qxd6 23. Bxd6 Bf5 24. Bf4 e3 25. Rb2 exf2+ 26. Rxf2 Rhe8 27. Ng3 Bg6 28. Rbe2 Rg8 29. Bg5 Rd5 30. c4 Rd7 31. d5 Nb4 32. Nf5 Nd3 33. Ne7+ Rxe7 34. Rxe7 Nxf2 35. Kxf2 Bb1 36.
d6 Bxa2 37. Rc7+ Kb8 38. Nc5 1-0

[Event "*** SCC Grand Prix: Titled Tuesday Blitz"]
[Site "Chess.com"]
[Date "2020.07.07"]
[Round "9"]
[White "sri5996"]
[Black "FedaMaster"]
[Result "0-1"]
[WhiteElo "2295"]
[BlackElo "2443"]
[TimeControl "180+1"]
[EndTime "11:46:05 PDT"]
[Termination "FedaMaster won by resignation"]

1. d4 Nf6 2. Bf4 d6 3. Nc3 a6 4. e4 g6 5. Qd2 b5 6. f3 Nbd7 7. Nge2 Bb7 8. g4 c5 9. h4 cxd4 10. Nd1 e5 11. Bh6 Rc8 12. Bxf8 Kxf8 13. h5 Ke7 14. Ng3 Qc7 15. Rc1 d5 16. g5 Nxh5 17. Nxh5 gxh5 18. Rxh5 dxe4 19. fxe4 Bxe4 20. Bd3 Bxd3 21.
Qxd3 Qc6 22. Rh6 Qg2 23. Nf2 Qxg5 24. Qd2 Qxd2+ 25. Kxd2 Rcg8 26. Rch1 Nf6 27. Nd3 Rg2+ 28. Kd1 Ng4 29. Rxh7 Ne3+ 30. Ke1 Nxc2+ 31. Kf1 Ne3+ 32. Ke1 Rc8 33. Rg7 Rxg7 0-1

[Event "*** SCC Grand Prix: Titled Tuesday Blitz"]
[Site "Chess.com"]
[Date "2020.07.07"]
[Round "9"]
[White "CzechmVIII"]
[Black "2008king"]
[Result "1/2-1/2"]
[WhiteElo "2187"]
[BlackElo "2246"]
[TimeControl "180+1"]
[EndTime "11:46:06 PDT"]
[Termination "Game drawn by repetition"]

1. e4 e5 2. Nf3 Nc6 3. Bb5 a6 4. Ba4 Nf6 5. O-O b5 6. Bb3 Bb7 7. d3 Be7 8. a3 d6 9. Nc3 Na5 10. Ba2 c5 11. Ne2 O-O 12. Ng3 g6 13. Bg5 Re8 14. h3 Nd7 15. Bd2 Nc6 16. c3 Bf8 17. Ng5 Re7 18. f4 exf4 19. Bxf4 Nde5 20. d4 cxd4 21.
cxd4 Qb6 22. Bxe5 dxe5 23. Nxf7 Kg7 24. Ng5 Qxd4+ 25. Kh2 Qxd1 26. Raxd1 Rae8 27. Rd6 Nd4 28. Rb6 h6 29. Ne6+ Nxe6 30. Bxe6 Rxe6 31. Rxb7+ R6e7 32.
Rb6 Re6 33. Rb7+ R6e7 34. Rb6 Re6 35. Rb7+ 1/2-1/2

[Event "*** SCC Grand Prix: Titled Tuesday Blitz"]
[Site "Chess.com"]
[Date "2020.07.07"]
[Round "9"]
[White "AldokhinIvan"]
[Black "Reader777"]
[Result "1-0"]
[WhiteElo "2537"]
[BlackElo "2643"]
[TimeControl "180+1"]
[EndTime "11:46:08 PDT"]
[Termination "AldokhinIvan won by checkmate"]

1. e4 c5 2. Nf3 d6 3. d4 cxd4 4. Nxd4 Nf6 5. Nc3 a6 6. Bc4 e6 7. Bb3 b5 8. O-O Be7 9. Re1 Qc7 10. Qf3 O-O 11. Qg3 Bd7 12. Bh6 Ne8 13. Nf5 Bf6 14. Ne3 Kh8 15. Bf4 Nc6 16. Ng4 Ne5 17. Nxf6 Nxf6 18. Rad1 Nh5 19. Qe3 Nxf4 20. Qxf4 Bc6 21.
Qe3 a5 22. f4 Ng6 23. a3 b4 24.
axb4 axb4 25. Na2 Rab8 26. Rd4 Nxf4 27. Rxb4 e5 28. g3 Ne6 29. c3 Nc5 30. Bc2 Ba8 31. Rxb8 Rxb8 32. Nb4 f5 33. Rf1 fxe4 34. h4 Qd7 35. Kh2 Bb7 36. Qd2 Bc8 37. Rf8# 1-0

[Event "*** SCC Grand Prix: Titled Tuesday Blitz"]
[Site "Chess.com"]
[Date "2020.07.07"]
[Round "9"]
[White "SiddharthGMJagadeesh"]
[Black "Cxrjs"]
[Result "1-0"]
[WhiteElo "2436"]
[BlackElo "2280"]
[TimeControl "180+1"]
[EndTime "11:46:08 PDT"]
[Termination "SiddharthGMJagadeesh won on time"]

1. d4 Nf6 2. Nc3 d5 3. Bf4 g6 4. e3 Bg7 5. h4 c5 6. dxc5 Nc6 7. Nf3 Qa5 8. Nd2 Qxc5 9. Nb3 Qb4 10. a3 Qb6 11. h5 Nxh5 12. Rxh5 gxh5 13. Nxd5 Qd8 14. Nc7+ Kf8 15. Qxd8+ Nxd8 16. Nxa8 Ne6 17. O-O-O Bf6 18.
Bh6+ Bg7 19. Bxg7+ Kxg7 20. Bc4 Ng5 21. Nc7 Bg4 22.
f3 Rc8 23. fxg4 Rxc7 24. Be2 hxg4 25. Bxg4 e6 26. Bf3 b6 27. Nd4 a5 28. Nb5 Rc5 29. Nd6 Kf6 30. Ne4+ Nxe4 31. Bxe4 h5 32. Rf1+ Ke5 33. Bf3 Kd6 34. Rh1 1-0

[Event "*** SCC Grand Prix: Titled Tuesday Blitz"]
[Site "Chess.com"]
[Date "2020.07.07"]
[Round "9"]
[White "124chess"]
[Black "GelmanAlexander"]
[Result "0-1"]
[WhiteElo "2686"]
[BlackElo "2559"]
[TimeControl "180+1"]
[EndTime "11:46:09 PDT"]
[Termination "GelmanAlexander won by resignation"]

1. d4 Nf6 2. c4 c5 3. d5 b5 4. cxb5 a6 5. f3 e6 6. e4 exd5 7. e5 Qe7 8. Qe2 Ng8 9. Nh3 Bb7 10. Bg5 f6 11. exf6 Nxf6 12. Na3 c4 13. O-O-O Qxe2 14. Bxe2 Bxa3 15. bxa3 axb5 16. Rhe1 O-O 17. Kb2 Na6 18.
Bd2 Nc5 19. Bb4 Na4+ 20. Kc1 Rfe8 21. Nf4 g5 22. Nh3 h6 23. g4 Re3 24. Ng1 Rae8 25. h4 gxh4 26. Rd4 Nc3 27. Kd2 Nxa2 28. Bd6 Nc3 29.
Bf4 Nxe2 30. Bxe3 Nxd4 31. Bxd4 Rxe1 32. Kxe1 Kf7 33. Nh3 d6 34. Nf4 Bc8 35. Kf2 Be6 36. Kg2 Nh7 37. Ne2 Ng5 38. Nc3 h3+ 39.
Kh1 Nxf3 40. Nxb5 Bd7 41. Nxd6+ Ke6 42. Nf5 h5 43. Bc3 hxg4 44. Nd4+ Nxd4 45. Bxd4 Kf5 46. Kh2 Ke4 0-1

[Event "*** SCC Grand Prix: Titled Tuesday Blitz"]
[Site "Chess.com"]
[Date "2020.07.07"]
[Round "9"]
[White "DarkAlekhine"]
[Black "grandemestregringo"]
[Result "1-0"]
[WhiteElo "2638"]
[BlackElo "2500"]
[TimeControl "180+1"]
[EndTime "11:46:10 PDT"]
[Termination "DarkAlekhine won by checkmate"]

1. e4 e5 2. Nf3 Nc6 3. Bb5 a6 4. Ba4 Nf6 5. O-O Be7 6. d3 b5 7.
Bb3 d6 8. a4 Bd7 9. Nc3 Na5 10.
Ba2 bxa4 11. Bd2 Nb7 12. Nd5 O-O 13. Nxe7+ Qxe7 14. Bg5 h6 15. Bh4 g5 16. Nxg5 hxg5 17. Bxg5 a5 18. f4 Ra6 19. Qf3 Kg7 20. Qg3 Nh5 21. Bxe7+ Nxg3 22. Bxf8+ Kxf8 23. hxg3 Be8 24. Bc4 Rb6 25. b3 Ke7 26. Kf2 axb3 27. cxb3 Bd7 28. Ke3 f6 29. Rh1 c6 30. Rh7+ Kd8 31. Rf7 f5 32.
Rh1 fxe4 33. Rh8+ Kc7 34. Be6 Nc5 35. Bxd7 d5 36. Bh3+ Kd6 37. fxe5+ Kxe5 38. d4+ Kd6 39. Rh6+ Ne6 40. Rxe6# 1-0

[Event "*** SCC Grand Prix: Titled Tuesday Blitz"]
[Site "Chess.com"]
[Date "2020.07.07"]
[Round "9"]
[White "tsvet2005"]
[Black "JesseKraai"]
[Result "1/2-1/2"]
[WhiteElo "2631"]
[BlackElo "2496"]
[TimeControl "180+1"]
[EndTime "11:46:11 PDT"]
[Termination "Game drawn by repetition"]

1. d4 e6 2. c4 Nf6 3. Nc3 Bb4 4.
f3 O-O 5. a3 Bxc3+ 6. bxc3 Nc6 7.
e4 e5 8. d5 Ne7 9. Be3 d6 10.
c5 Ng6 11. cxd6 cxd6 12. Bd3 Bd7 13. Ne2 Rc8 14. O-O Nh5 15. Qb3 Nhf4 16. Nxf4 Nxf4 17. Bxf4 exf4 18. Rfc1 b6 19. a4 Rc5 20. Bb5 Qc7 21.
Bxd7 Qxd7 22. c4 Rfc8 23. Rc3 h6 24. Rac1 Ra5 25. Ra1 Qc7 26. Qc2 Rc5 27. Rc1 Qe7 28. Qd2 Qe5 29. R3c2 Kh7 30. Kf2 a6 31. g3 fxg3+ 32.
hxg3 Qe8 33. Qb4 b5 34. axb5 axb5 35. Qb3 bxc4 36. Rxc4 Rb8 37. Qc2 Rxc4 38. Qxc4 Rb2+ 39. Rc2 Qb8 40. Kg2 h5 41. Qd3 g6 42. Rxb2 Qxb2+ 43. Kg1 Qc1+ 44. Kg2 Qb2+ 45. Kg1 Kg7 46. Qe3 Qc2 47. Qf4 Qd1+ 48. Kg2 Qe2+ 49. Kg1 Qe1+ 50. Kg2 Qe2+ 51. Kg1 Qe1+ 52. Kg2 Qe2+ 1/2-1/2

[Event "*** SCC Grand Prix: Titled Tuesday Blitz"]
[Site "Chess.com"]
[Date "2020.07.07"]
[Round "9"]
[White "VishnuPrasanna"]
[Black "PSvidler"]
[Result "0-1"]
[WhiteElo "2754"]
[BlackElo "2989"]
[TimeControl "180+1"]
[EndTime "11:46:12 PDT"]
[Termination "PSvidler won by resignation"]

1. e4 g6 2. d4 Bg7 3. Nc3 d6 4. Be3 a6 5. h3 b5 6. g4 Bb7 7. Bg2 Nd7 8. a4 b4 9. Nce2 c5 10. c3 h5 11. g5 bxc3 12. bxc3 e6 13. Rb1 Qc7 14. d5 exd5 15. exd5 Ne7 16. Ng3 Bxc3+ 17.
Kf1 Bg7 18. N1e2 Rb8 19. Nf4 h4 20. Ne4 Nf5 21. Bd2 O-O 22. Bf3 Ne5 23. Bg4 Bc8 24.
Nf6+ Bxf6 25. gxf6 Rxb1 26. Qxb1 Qd8 27. Rg1 Qxf6 28.
Nh5 gxh5 29. Bxf5+ Kh8 30. Bxc8 Rxc8 31. Bc3 Rg8 32.
Rxg8+ Kxg8 33. Qb8+ Kg7 34. Qb7 a5 35. Qb6 Qf3 36. Bxe5+ dxe5 37. Qxc5 Qxh3+ 38. Ke1 Qf5 39. d6 h3 40. Kd2 h2 41. Qc6 Qxf2+ 42. Kc3 Qe1+ 43. Kb2 h1=Q 0-1